 Dungeon Crawl Stone Soup version 0.29.1-12-g30fa7ad0bf (webtiles) character file.

Game seed: 2338026074447774637

67 KittyFluff the Trooper (level 4, -4/43 HPs)
             Began as a Gargoyle Berserker on Dec 27, 2022.
             Was a Follower of Trog.
             Slain by an orc
             ... wielding a +0 mace
              (5 damage)
             ... on level 2 of the Dungeon.
             The game lasted 00:04:45 (1753 turns).

KittyFluff the Trooper (Gargoyle Berserker)         Turns: 1753, Time: 00:04:46

Health: -4/43      AC:  6    Str: 22    XL:     4   Next: 16%
Magic:  4/4        EV: 11    Int:  8    God:    Trog [*.....]
Gold:   146        SH:  0    Dex:  9    Spells: 3/3 levels left

rFire   . . .      SeeInvis .   a - +0 mace
rCold   . . .      Faith    .   (no shield)
rNeg    + . .      Spirit   .   e - +0 leather armour
rPois   ∞          Reflect  .   (no helmet)
rElec   +          Harm     .   (no cloak)
rCorr   .          Rampage  .   (no gloves)
Will    .....                   (no boots)
Stlth   ..........              (no amulet)
HPRegen 0.14/turn               (no ring)
MPRegen 0.09/turn               (no ring)

@: berserking (expiring), very quick
A: sickness immunity, AC +3, negative energy resistance 1, electricity
resistance, torment resistance 1, petrification resistance
a: Renounce Religion, Berserk


You were on level 2 of the Dungeon.
You worshipped Trog.
Trog was aware of your devotion.
You visited 1 branch of the dungeon, and saw 2 of its levels.

You collected 146 gold pieces.

Inventory:

Hand Weapons
 a - a +0 mace (weapon)
 j - a +0 sling
Missiles
 g - 18 stones (quivered)
Armour
 b - a +0 animal skin
 e - a +0 leather armour (worn)
 k - a +0 ring mail
Scrolls
 c - a scroll of blinking {unknown}
 h - a scroll of enchant armour {unknown}
 m - a scroll of magic mapping {unknown}
Potions
 d - a potion of magic {unknown}
 f - 2 potions of brilliance {unknown}
 i - a potion of attraction {unknown}
 l - 2 potions of mutation {unknown}
 n - 2 potions of berserk rage {unknown}
 o - a potion of ambrosia {unknown}


   Skills:
 + Level 3.9 Fighting
 + Level 3.8 Maces & Flails
 * Level 2.7 Armour
 + Level 1.9 Dodging
 + Level 0.9 Stealth


You had 3 spell levels left.
You didn't know any spells.
Your spell library was empty.

Dungeon Overview and Level Annotations

Branches:
Dungeon (2/15)

Altars:


Innate Abilities, Weirdness & Mutations

You are immune to sickness and miasma.
Your stone body is resilient. (AC +3)
You are immune to poison.
You resist negative energy. (rN+)
You are resistant to electric shocks. (rElec)
You are resistant to unholy torment.
You are immune to petrification.


Message History

You sock the orc!
You kill the orc!
Trog accepts your kill.
You closely miss something. Something hits you.
You miss something. Something hits you.
You miss something. Something hits you but does no damage.
You miss something.
Something hits you but does no damage. x2
You hit something. Something hits you.
You closely miss something. Something hits you.
You barely miss something. Your punch misses something.
Something hits you but does no damage.
You barely miss something.
You hear some strange, mumbled words.
A puff of flame appears from out of thin air!
The puff of flame hits you!
* * * LOW HITPOINT WARNING * * *
You closely miss something.
Something hits you but does no damage. x2
A red film seems to cover your vision as you go berserk!
You feel yourself moving faster!
You feel mighty! Something hits you but does no damage.
You barely miss something.
You hear some strange, mumbled words.
A puff of flame appears from out of thin air!
The puff of flame hits you!
* * * LOW HITPOINT WARNING * * *
You barely miss something. You miss something. Something hits you.
* * * LOW HITPOINT WARNING * * *
You sock something! Trog accepts your kill.
Trog appreciates your killing of a magic user.
Reactivating autopickup.
You feel a bit more experienced.
You have reached level 4!
You feel clever.
You closely miss the orc. The orc closely misses you.
You barely miss the orc. The orc hits you with a +0 mace.
* * * LOW HITPOINT WARNING * * *
You barely miss the orc. The orc hits you with a +0 mace.
You die...

#.# #.#### #.#.. #.#.###
.>.... #...###..
#####........
#.†@oS....# #.###o#.#.#
#.##....#.# .
#####.##..#.#.# .#
#.....##..#.#.####..
#.######..###.#...
#.............#.#
######.#.#......#######.
#.#........#....##.


You could see an adder and 2 orcs.

Vanquished Creatures
  An orc wizard (D:2)
  An adder (D:2)
  A dart slug (D:1)
  An orc (D:2)
  4 endoplasms
  4 hobgoblins (D:2)
  A quokka (D:2)
  2 ball pythons
  2 bats (D:2)
  2 frilled lizards (D:1)
  5 goblins
  2 kobolds (D:2)
  4 rats
30 creatures vanquished.

Notes
Turn   | Place    | Note
-------+----------+-------------------------------------------
     0 | D:1      | KittyFluff the Gargoyle Berserker began the quest for the
                  | Orb.
     0 | D:1      | Reached XP level 1. HP: 14/14 MP: 1/1
   182 | D:1      | Reached XP level 2. HP: 1/19 MP: 2/2
  1259 | D:2      | Reached XP level 3. HP: 9/24 MP: 3/3
  1670 | D:2      | Found a faded altar of an unknown god.
  1751 | D:2      | Reached XP level 4. HP: 2/29 MP: 4/4
  1752 | D:2      | HP: 1/43 [orc/+0 mace (2)]
  1753 | D:2      | Slain by an orc

Illustrated notes

Levels and vault maps discovered:
D:1:      minmay_arrival_open_corners, layout_basic
D:2:      layout_basic, hellmonk_ecumenical_altar_leap_of_faith,
          minmay_quantized

Action                   |  1- 3 |  4- 6 || total
-------------------------+-------+-------++-------
Melee: Mace              |    91 |     3 ||    94
       Punch             |     1 |       ||     1
Invok: Berserk           |     2 |       ||     2
  Use: Scroll            |     1 |       ||     1
Armor: Animal skin       |     8 |       ||     8
       Leather armour    |    33 |       ||    33
Dodge: Dodged            |    42 |     1 ||    43
